 Dungeon Crawl Stone Soup version 0.32-a0-876-gcfddb08e57 (webtiles) character file.

Game seed: 6563965865118010198

201 OstrichLN the Cudgeller (level 5, -6/50 HPs)
             Began as an Oni Gladiator on Apr 1, 2024.
             Was an Initiate of Yredelemnul.
             Mangled by Crazy Yiuf
             ... wielding a +2 quarterstaff of chaos
              (7 damage)
             ... on level 3 of the Dungeon.
             The game lasted 00:07:20 (2451 turns).

OstrichLN the Cudgeller (Oni Gladiator)             Turns: 2451, Time: 00:07:20

Health: -6/50      AC:  3    Str: 20    XL:     5   Next: 79%
Magic:  14/14      EV:  9    Int:  9    God:    Yredelemnul [......]
Gold:   189        SH:  0    Dex: 10    Spells: 4/4 levels left

rFire   . . .        a - +0 flail
rCold   . . .        (no shield)
rNeg    . . .        b - +0 robe
rPois   .            c - +0 hat
rElec   .            (no cloak)
rCorr   .            (gloves unavailable)
SInv    .            (boots unavailable)
Will    .....        (no amulet)
Stlth   +            r - ring of magical power
HPRegen 0.28/turn    (no ring)
MPRegen 0.14/turn

%: no passive effects
@: confused, weakened, wreathed by umbra
A: large, unfitting armour, horns 1, tough skin 1, double potion healing,
drunken brawling
a: Renounce Religion, Light the Black Torch, Recall Undead Harvest


You were on level 3 of the Dungeon.
You worshipped Yredelemnul.
Yredelemnul was noncommittal.
You visited 1 branch of the dungeon, and saw 3 of its levels.

You collected 189 gold pieces.

Inventory:

Hand Weapons
 a - a +0 flail (weapon)
Missiles
 d - 3 throwing nets (quivered)
 e - a large rock
Armour
 b - a +0 robe (worn)
 c - a +0 hat (worn)
Jewellery
 r - a ring of magical power (left hand)
Scrolls
 f - 3 scrolls of teleportation {unknown}
 g - 2 scrolls of fear {unknown}
 h - 4 scrolls of identify {unknown}
 i - 2 scrolls of vulnerability {unknown}
 o - a scroll of enchant armour {unknown}
 p - a scroll of butterflies {unknown}
 q - 4 scrolls of poison {unknown}
 s - a scroll of immolation {unknown}
 u - a scroll of blinking {unknown}
Potions
 j - a potion of curing {unknown}
 k - a potion of brilliance {unknown}
 l - a potion of invisibility {unknown}
 m - a potion of mutation {unknown}
 n - a potion of haste {unknown}
 t - a potion of heal wounds {unknown}


   Skills:
 - Level 2.6 Fighting
 + Level 6.3 Maces & Flails
 - Level 2.0 Throwing
 - Level 2.6 Dodging


You had 4 spell levels left.
You didn't know any spells.
Your spell library was empty.

Dungeon Overview and Level Annotations

Branches:
Dungeon (3/15)

Altars:
Yredelemnul

Shops:
D:2 =

Annotations:
D:3 Crazy Yiuf


Innate Abilities, Weirdness & Mutations

You are too large for most types of armour.
You have a pair of small horns on your head.
You have tough skin. (AC +1)
You gain doubled healing and magic from potions.
Whenever you drink a healing potion, you attack all around you.


Message History

Crazy Yiuf closely misses your kobold zombie.
Your kobold zombie closely misses Crazy Yiuf.
Crazy Yiuf hits your kobold zombie with a +2 quarterstaff of chaos.
Your kobold zombie is destroyed!
You hit Crazy Yiuf.
You headbutt Crazy Yiuf, but do no damage.
Crazy Yiuf is lightly wounded.
Crazy Yiuf barely misses you.
You barely miss Crazy Yiuf.
Crazy Yiuf is lightly wounded.
Crazy Yiuf hits you with a +2 quarterstaff of chaos!
You are confused.
You bump into the tree.
Crazy Yiuf hits you with a +2 quarterstaff of chaos!
You bump into the tree.
Crazy Yiuf closely misses you.
You bump into the tree.
Crazy Yiuf closely misses you.
You closely miss Crazy Yiuf.
Crazy Yiuf is lightly wounded.
You feel less confused. Crazy Yiuf barely misses you.
You sock Crazy Yiuf! Your headbutt misses Crazy Yiuf.
Crazy Yiuf is heavily wounded.
Crazy Yiuf hits you with a +2 quarterstaff of chaos!
You are confused.
You bump into the tree.
Crazy Yiuf closely misses you.
You miss Crazy Yiuf. Your headbutt misses Crazy Yiuf.
Crazy Yiuf is heavily wounded.
Crazy Yiuf hits you with a +2 quarterstaff of chaos!
* * * LOW HITPOINT WARNING * * *
You feel your attacks grow feeble.
You hit Crazy Yiuf but do no damage. Your headbutt misses Crazy Yiuf.
Crazy Yiuf is heavily wounded.
Crazy Yiuf hits you with a +2 quarterstaff of chaos!
* * * LOW HITPOINT WARNING * * *
You closely miss Crazy Yiuf.
Crazy Yiuf is heavily wounded.
Crazy Yiuf whimpers, "Ghoul pontify Orb Guardian!"
Crazy Yiuf hits you with a +2 quarterstaff of chaos!
You die...
Your body rises from the dead as a mindless zombie.

##### #.......#.####
#).÷# ####>.........
#...# ####.#########
... #....##.......
#'# ###'###+#.....
♣.♣♣ #.#.....#.....
♣♣.♣ #.#Z###.#.....
♣g♣♣ #.#.....#.....
♣♣@♣ #.'.._..'.[...
♣♣.♣♣ #.#.....#.....
♣♣P..♣
#Z#.###.#.....
♣.P..♣
#Z#.....#.....
##..##
#.#'###+##.###
#....###.......##.#
#...###Z#########.##
##.## #....##......#
#÷#######.##......##


You could see Crazy Yiuf.

Vanquished Creatures
  An orc priest (D:3)
  An orc wizard (D:3)
  4 adders
  2 ribbon worms
  A dart slug (D:1)
  3 orcs (D:3)
  6 endoplasms
  7 giant cockroaches
  10 goblins
  3 hobgoblins
  6 jackals (D:1)
  2 quokkas (D:2)
  5 ball pythons
  5 bats
  5 frilled lizards
  5 kobolds
  An orc zombie (D:3)
  2 rats
69 creatures vanquished.

Vanquished Creatures (collateral kills)
  A hound (D:3)
  A rat (D:3)
2 creatures vanquished.

Vanquished Creatures (others)
  A ribbon worm zombie (D:3)
  An adder zombie (D:3)
  A ball python zombie (D:3)
  An endoplasm zombie (D:3)
  A frilled lizard zombie (D:3)
  3 kobold zombies (D:3)
  A rat zombie (D:3)
9 creatures vanquished.

Grand Total: 80 creatures vanquished

Notes
Turn   | Place    | Note
-------+----------+-------------------------------------------
     0 | D:1      | OstrichLN the Oni Gladiator began the quest for the Orb.
     0 | D:1      | Reached XP level 1. HP: 22/22 MP: 1/1
   170 | D:1      | Reached XP level 2. HP: 21/29 MP: 2/2
   336 | D:1      | Reached skill level 4 in Maces & Flails
   635 | D:2      | Reached XP level 3. HP: 33/36 MP: 3/3
   877 | D:2      | Found Iqaepp's Jewellery Shoppe.
  1157 | D:2      | Reached XP level 4. HP: 28/44 MP: 4/4
  1320 | D:3      | Found a runed translucent door.
  1321 | D:3      | Noticed Crazy Yiuf
  1354 | D:3      | Reached skill level 5 in Maces & Flails
  1436 | D:3      | Found a basalt altar of Yredelemnul.
  1442 | D:3      | Became a worshipper of Yredelemnul the Fallen
  1625 | D:3      | Reached XP level 5. HP: 20/50 MP: 5/5
  2039 | D:3      | Reached skill level 6 in Maces & Flails
  2450 | D:3      | HP: 1/50 [Crazy Yiuf/+2 quarterstaff of chaos (7)]
  2451 | D:3      | Mangled by Crazy Yiuf

Illustrated notes

Levels and vault maps discovered:
D:1:      heliophobic_arrival_ceremonial_halls, layout_rooms
D:2:      layout_rooms, serial_shops, shop
D:3:      layout_basic, mainiacjoe_overflow_six_doors_small, st_stairs_11,
          uniq_crazy_yiuf_cottage

Skill      XL: |  1  2  3  4  5 |
---------------+----------------+-----
Maces & Flails | 4 5 6 |  6.3
Fighting       | |  2.6
Throwing       | |  2.0
Dodging        | |  2.6

Action                     |  1- 3 |  4- 6 || total
---------------------------+-------+-------++-------
  Melee: Flail             |   102 |    91 ||   193
         Headbutt          |    18 |    12 ||    30
   Stab: Distracted        |       |     1 ||     1
 Armour: Robe              |    63 |    68 ||   131
  Dodge: Dodged            |    51 |    48 ||    99

Table legend: (Time is in decaauts)
 A = Elapsed time spent in this place.
 B = Non-inter-level travel time spent in this place.
 C = Inter-level travel time spent in this place.
 D = Time resting spent in this place.
 E = Time spent auto-exploring this place.
 F = Levels seen in this place.
 G = Mean time per level.
                   A        B        C        D        E       F      G
               +--------+--------+--------+--------+--------+-----+--------+
         Total |   2482 |   2400 |     82 |      0 |   1875 |   3 |  827.3 |
       Dungeon |   2482 |   2400 |     82 |      0 |   1875 |   3 |  827.3 |
               +--------+--------+--------+--------+--------+-----+--------+

Top non-repeatable levels by time:
     D:3: 1234 daAuts
     D:1: 644 daAuts
     D:2: 604 daAuts
